 Dungeon Crawl Stone Soup version 0.28-a0-479-g5baa6b73be (webtiles) character file.

Game seed: 8949313995391532432

3309 Conn the Firebug (level 10, -8/59 HPs)
             Began as an Octopode Fire Elementalist on Sept 19, 2021.
             Mangled by an orc warrior (16 damage)
             ... on level 7 of the Dungeon.
             The game lasted 00:28:33 (8792 turns).

Conn the Firebug (Octopode Fire Elementalist)       Turns: 8792, Time: 00:28:33

Health: -8/59      AC:  1    Str:  8    XL:     10   Next: 1%
Magic:  12/20      EV: 14    Int: 21    God:
Gold:   241        SH:  0    Dex: 16    Spells: 4/22 levels left

rFire   + . .      SeeInvis +   a - staff of fire
rCold   . . .      Faith    .   (no shield)
rNeg    . . .      Spirit   .   (helmet restricted)
rPois   .          Reflect  .   (no amulet)
rElec   .          Harm     .   c - ring of see invisible
rCorr   +          Rampage  .   n - ring of resist corrosion
Will    .....                   (no ring)
Stlth   ++++......              (no ring)
HPRegen 0.19/turn               (no ring)
MPRegen 0.17/turn               (no ring)
                                (no ring)
                                (no ring)

@: very slightly contaminated, invisible, unable to read
A: almost no armour, amphibious, 8 rings, camouflage 1, gelatinous body 1,
(nimble swimmer 1), tentacles, agile 2, subdued magic 1, inability to read while
threatened
a: no special abilities


You were on level 7 of the Dungeon.
You visited 1 branch of the dungeon, and saw 7 of its levels.

You collected 271 gold pieces.
You spent 30 gold pieces at shops.

Inventory:

Hand Weapons
 b - the +6 mace of Amosuer {vorpal, rC++ rCorr}
   (You found it on level 4 of the Dungeon)

   It inflicts extra damage upon your enemies.
   rC:        It greatly protects you from cold.
   rCorr:     It protects you from acid and corrosion.
 q - a +0 short sword
 t - the +4 mace of the Mushroom {vorpal, Fly rF+}
   (You found it on level 4 of the Dungeon)

   It inflicts extra damage upon your enemies.
   rF:        It protects you from fire.
   Fly:       It grants you flight.
Armour
 A - a +0 kite shield
Magical Staves
 a - a staff of fire (weapon)
Jewellery
 c - a ring of see invisible (left tentacle)
 n - a ring of resist corrosion (right tentacle)
Wands
 y - a wand of digging (5)
Scrolls
 e - 4 scrolls of teleportation
 f - 2 scrolls of fear {unknown}
 i - a scroll of magic mapping {unknown}
 k - a scroll of immolation {unknown}
 o - a scroll of blinking
 r - a scroll of silence
 s - a scroll of torment {unknown}
 w - a scroll of summoning {unknown}
 x - a scroll of amnesia {unknown}
Potions
 d - 3 potions of mutation
 h - a potion of brilliance
 j - a potion of cancellation
 l - 2 potions of attraction
 p - a potion of curing
 u - a potion of resistance {unknown}
 v - 2 potions of flight {unknown}
 B - a potion of berserk rage {unknown}


   Skills:
 + Level 1.4 Fighting
 + Level 0.7 Short Blades
 + Level 1.7 Staves
 + Level 3.5 Dodging
 + Level 5.7 Stealth
 + Level 0.2 Unarmed Combat
 + Level 6.9 Spellcasting
 * Level 6.0 Conjurations
 - Level 2.8 Hexes
 * Level 1.6 Translocations
 * Level 7.7 Fire Magic
 * Level 1.9 Ice Magic


You had 4 spell levels left.
You knew the following spells:

 Your Spells              Type           Power      Damage    Failure   Level
a - Foxfire               Conj/Fire      100%       2x1d9     1%          1
b - Conjure Flame         Conj/Fire      41%        6-21      1%          3
c - Inner Flame           Hex/Fire       34%        N/A       2%          3
d - Flame Wave            Conj/Fire      41%        3d8       4%          4
e - Iskenderun's Mystic   Conj/Tloc      17%        2d5       16%         4
f - Frozen Ramparts       Ice            22%        1d4       10%         3

Your spell library contained the following spells:

 Spells                   Type           Power      Damage    Failure   Level
 Scorch                   Fire           92%        2d10      1%          2
 Ensorcelled Hibernation  Hex/Ice        26%        N/A       3%          2
 Passwall                 Tmut/Erth      4%         N/A       12%         2
 Fulminant Prism          Conj/Hex       9%         3d7       12%         4
 Spider Form              Tmut/Pois      2%         N/A       22%         3
 Swiftness                Air            5%         N/A       22%         3
 Ice Form                 Ice/Tmut       8%         N/A       47%         4
 Summon Ice Beast         Ice/Summ       8%         N/A       47%         4
 Petrify                  Tmut/Erth      5%         N/A       61%         4
 Irradiate                Conj/Tmut      7%         3d16      52%         5
 Metabolic Englaciation   Hex/Ice        6%         N/A       63%         5
 Blade Hands              Tmut           2%         N/A       92%         5
 Lee's Rapid Deconstruct  Erth           2%         3d6*      92%         5
 Invisibility             Hex            7%         N/A       98%         6
 Statue Form              Tmut/Erth      3%         N/A       100%        6
 Dragon Form              Tmut           2%         N/A       100%        7


Dungeon Overview and Level Annotations

Branches:
Dungeon (7/15)
 Temple: D:4-7

Altars:
Trog

Shops:
D:1 ?([[   D:6 ?


Innate Abilities, Weirdness & Mutations

You cannot wear most types of armour.
You are amphibious.
You can wear up to eight rings at the same time.
Your skin changes colour to match your surroundings (Stealth+).
Your rubbery body absorbs attacks. (AC +1, EV +1)
((You are camouflaged near water. (Stealth+)))
You have tentacles for arms and can constrict up to eight enemies at once.
You are very agile. (Dex +4)
Your spells are a little easier to cast, but a little less powerful.
You sometimes lose the ability to read scrolls when taking damage.


Message History

The orc warrior is heavily wounded.
Casting: Foxfire (safe; 1% risk of failure)
Confirm with . or Enter, or press ? or * to list all spells.
You feel a surge of power!
You conjure some foxfire!
The foxfire hits the orc warrior but does no damage.
The orc warrior is heavily wounded.
The foxfire hits the orc warrior.
The orc warrior is severely wounded.
Found 15 stones.
The foxfire hits the orc warrior but does no damage.
The orc warrior is severely wounded.
The foxfire hits the orc warrior.
The orc warrior is severely wounded.
Casting: Foxfire (safe; 1% risk of failure)
Confirm with . or Enter, or press ? or * to list all spells.
Aiming: Inner Flame (dangerous; 2% risk of failure)
Press: ? - help, Shift-Dir - straight line, f - orc warrior
Aim: an orc warrior, wielding a +0 halberd and wearing a +0 plate armour (severely wounded, chance to affect: 87%)
You feel a surge of power!
The orc warrior is filled with an inner flame.
The orc warrior hits you from afar with a +0 halberd.
You feel threatened and lose the ability to read scrolls!
Casting: Inner Flame (dangerous; 2% risk of failure)
Confirm with . or Enter, or press ? or * to list all spells.
You feel a surge of power!
You conjure some foxfire!
The orc warrior hits you from afar with a +0 halberd!!
* * * LOW HITPOINT WARNING * * *
Unknown command.
The foxfire hits the orc warrior but does no damage.
The orc warrior is severely wounded.
The foxfire hits the orc warrior but does no damage.
The orc warrior is severely wounded.
Found a scroll labelled NOSELO DUFAUT.
Casting: Foxfire (safe; 1% risk of failure)
Confirm with . or Enter, or press ? or * to list all spells.
Okay, then.
You fade into invisibility!
You are very lightly contaminated with residual magic.
The orc warrior hits you from afar with a +0 halberd!
You die...

............#.....
.........†.##.....#
........))........#
#.................#
....##............#
### #$...#..#....#
#+#####..........#
........#.....(#..
##..@..........#
#...o.........#
#..o#......#(.#
#............##
##....#..#...#
#..........##
##.......###
#########


You could see an orc warrior (inner flame) and an orc.

Vanquished Creatures
  Grinder (D:6)
  Sigmund (D:5)
  Edmund (D:5)
  2 water moccasins
  2 ice beasts
  A sky beast (D:5)
  An orc warrior (D:7)
  A necrophage (D:6)
  5 ogres
  2 centaurs
  Blork the orc (D:6)
  2 bullfrogs (D:7)
  2 scorpions (D:6)
  3 water moccasin zombies
  A water moccasin skeleton (D:7)
  3 killer bees (D:7)
  3 howler monkeys (D:7)
  2 bullfrog zombies
  2 jellies (D:6)
  Crazy Yiuf (D:4)
  A bullfrog skeleton (D:6)
  5 hounds
  7 iguanas
  A scorpion zombie (D:5)
  An orc wizard (D:7)
  A hound skeleton (D:5)
  A howler monkey skeleton (D:6)
  10 adders
  A shadow imp (D:7)
  3 white imps
  2 ufetubi
  An adder zombie (D:5)
  A worm (D:3)
  A dart slug (D:4)
  8 orcs
  7 bats
  8 endoplasms
  4 giant cockroaches
  4 goblins
  6 hobgoblins
  2 jackals (D:1)
  5 kobolds
  3 quokkas
  6 ball pythons
  6 frilled lizards
  7 rats
  A bush (D:4)
140 creatures vanquished.

Vanquished Creatures (others)
  421 foxfires
  4 fungi (D:4)
  2 plants (D:5)
427 creatures vanquished.

Grand Total: 567 creatures vanquished

Notes
Turn   | Place    | Note
-------+----------+-------------------------------------------
     0 | D:1      | Conn the Octopode Fire Elementalist began the quest for the
                  | Orb.
     0 | D:1      | Reached XP level 1. HP: 11/11 MP: 3/3
   334 | D:1      | Reached XP level 2. HP: 17/17 MP: 1/5
   817 | D:1      | Found Mexzami's Armour Shoppe.
  1114 | D:1      | Reached XP level 3. HP: 21/21 MP: 3/6
  1196 | D:1      | Found Happ's Antique Armour Boutique.
  1289 | D:1      | Found Gicvun's Weapon Emporium.
  1458 | D:1      | Found Buimy's Magic Scroll Emporium.
  2304 | D:2      | Reached XP level 4. HP: 27/27 MP: 4/7
  2613 | D:3      | Found a faded altar of an unknown god.
  4002 | D:4      | Reached XP level 5. HP: 31/31 MP: 4/8
  4173 | D:4      | Identified the +4 mace of the Mushroom {vorpal, Fly rF+}
  4178 | D:4      | Found a runed translucent door.
  4179 | D:4      | Noticed Crazy Yiuf
  4186 | D:4      | Learned a level 3 spell: Conjure Flame
  4190 | D:4      | Learned a level 3 spell: Inner Flame
  4239 | D:4      | Killed Crazy Yiuf
  4450 | D:4      | Identified the +6 mace of Amosuer {vorpal, rC++ rCorr}
  4522 | D:5      | Entered Level 5 of the Dungeon
  4525 | D:5      | Noticed an ice beast
  4655 | D:5      | Noticed an ogre
  4664 | D:5      | Killed an ogre
  4665 | D:5      | Reached skill level 5 in Stealth
  4665 | D:5      | Reached skill level 4 in Fire Magic
  4665 | D:5      | Reached XP level 6. HP: 36/36 MP: 0/10
  5210 | D:5      | Reached XP level 7. HP: 42/42 MP: 7/12
  5357 | D:5      | Reached skill level 1 in Hexes
  5743 | D:5      | Reached skill level 5 in Fire Magic
  5787 | D:5      | Reached XP level 8. HP: 47/47 MP: 0/14
  6255 | D:5      | Reached skill level 5 in Spellcasting
  6491 | D:5      | Noticed Sigmund
  6498 | D:5      | Killed Sigmund
  6499 | D:5      | Reached skill level 6 in Fire Magic
  6515 | D:5      | Noticed Edmund
  6524 | D:5      | Killed Edmund
  6811 | D:6      | Learned a level 4 spell: Flame Wave
  6816 | D:6      | Learned a level 4 spell: Iskenderun's Mystic Blast
  7016 | D:6      | Reached XP level 9. HP: 44/52 MP: 8/17
  7019 | D:6      | Reached skill level 1 in Fighting
  7265 | D:6      | Noticed Grinder
  7275 | D:6      | Paralysed by Grinder for 4 turns
  7367 | D:6      | Killed Grinder
  7368 | D:6      | Reached skill level 5 in Conjurations
  7368 | D:6      | Reached skill level 7 in Fire Magic
  7928 | D:6      | Noticed Blork the orc
  7933 | D:6      | Killed Blork the orc
  7936 | D:6      | Found Yno Jiwn's Magic Scroll Shop.
  7973 | D:6      | Bought a scroll of teleportation for 30 gold pieces
  8434 | D:6      | Learned a level 3 spell: Frozen Ramparts
  8479 | D:7      | Found a bloodstained altar of Trog.
  8656 | D:7      | Reached skill level 1 in Staves
  8668 | D:7      | Reached skill level 1 in Ice Magic
  8670 | D:7      | Gained mutation: Your spells are a little easier to cast,
                  | but a little less powerful. [potion of mutation]
  8670 | D:7      | Gained mutation: You sometimes lose the ability to read
                  | scrolls when taking damage. [potion of mutation]
  8670 | D:7      | Gained mutation: You are agile. (Dex +2) [potion of
                  | mutation]
  8670 | D:7      | Gained mutation: You are very agile. (Dex +4) [potion of
                  | mutation]
  8684 | D:7      | Reached skill level 1 in Translocations
  8684 | D:7      | Reached XP level 10. HP: 25/59 MP: 16/20
  8792 | D:7      | Mangled by an orc warrior

Illustrated notes

Levels and vault maps discovered:
D:1:      psy_arrival_radial02, layout_loops_corners, serial_shops,
          nicolae_shop_trees, nicolae_diamond_shop, shop, nicolae_diamond_shop
D:2:      minmay_spotlight, layout_basic, minmay_misc_feat_five
D:3:      layout_loops_cross, ebering_ecumenical_altar_abandoned
D:4:      layout_loops_ring, uniq_crazy_yiuf_cottage
D:5:      minmay_thinvault, layout_cave_pods, sigmund_edmund_badplayer
D:6:      minmay_chambers_of_threes, layout_basic, serial_shops,
          nicolae_diamond_shop, uniq_edmund, uniq_blork_the_orc, uniq_grinder
D:7:      cheibrodos_steamvent, layout_basic,
          mainiacjoe_overflow_small_starburst, temple_hall,
          gammafunk_ghost_berserking_beasts, minmay_misc_feat_plants,
          minivault_23

Skill      XL: |  1  2  3  4  5  6  7  8  9 |
---------------+----------------------------+-----
Stealth        | 3 4 5 |  5.7
Conjurations   | 2 3 4 6 |  6.0
Fire Magic     | 4 5 6 7 |  7.7
Spellcasting   | 3 4 5 6 |  6.9
Hexes          | 1 2 |  2.8
Dodging        | 3 |  3.5
Fighting       | 1 |  1.4
Staves         | 1 |  1.7
Ice Magic      | 1 |  1.9
Translocations | 1 |  1.6
Short Blades   | |  0.7
Unarmed Combat | |  0.2

Action                   |  1- 3 |  4- 6 |  7- 9 | 10-12 || total
-------------------------+-------+-------+-------+-------++-------
Melee: Unarmed           |    20 |       |       |       ||    20
       Constrict         |     9 |    13 |     8 |       ||    30
       Tentacles         |     7 |     8 |     5 |       ||    20
       Short sword       |    27 |    18 |       |       ||    45
       Staff             |       |    33 |    26 |       ||    59
 Cast: Foxfire           |    45 |    54 |   138 |    15 ||   252
       Inner Flame       |       |     6 |    14 |     1 ||    21
       Conjure Flame     |       |       |     2 |       ||     2
       Flame Wave        |       |       |     7 |       ||     7
  Use: Scroll            |     1 |       |     6 |       ||     7
       Potion            |       |       |     6 |     1 ||     7
 Stab: Sleeping          |    13 |     4 |     2 |       ||    19
Armor: Skin              |     7 |     2 |     6 |       ||    15
Dodge: Dodged            |    24 |    27 |    35 |       ||    86

Table legend: (Time is in decaauts)
 A = Elapsed time spent in this place.
 B = Non-inter-level travel time spent in this place.
 C = Inter-level travel time spent in this place.
 D = Time resting spent in this place.
 E = Time spent auto-exploring this place.
 F = Levels seen in this place.
 G = Mean time per level.
                   A        B        C        D        E       F      G
               +--------+--------+--------+--------+--------+-----+--------+
         Total |   8818 |   8593 |    225 |    876 |   6008 |   7 | 1259.7 |
       Dungeon |   8818 |   8593 |    225 |    876 |   6008 |   7 | 1259.7 |
               +--------+--------+--------+--------+--------+-----+--------+

Top non-repeatable levels by time:
     D:5: 2136 daAuts
     D:6: 1668 daAuts
     D:1: 1630 daAuts
     D:4: 1555 daAuts
     D:2: 781 daAuts
     D:3: 725 daAuts
     D:7: 320 daAuts
